 Dungeon Crawl Stone Soup version 0.25-a0-479-g8579842fd4 (webtiles) character file.

Game seed: 1437844609056537044, levelgen mode: deterministic

1453 ChaosChampion the Changer (level 8, -1/50 HPs)
             Began as an Octopode Transmuter on Feb 9, 2020.
             Hit by a boomerang thrown by a kobold (6 damage)
             ... in a bailey.
             The game lasted 00:17:02 (5429 turns).

ChaosChampion the Changer (Octopode Transmuter)     Turns: 5429, Time: 00:17:03

Health: -1/50      AC:  1    Str: 10    XL:     8   Next: 76%
Magic:  2/15       EV: 15    Int: 17    God:
Gold:   294        SH:  0    Dex: 19    Spells: 5/16 levels left

rFire    + . .     SeeInvis +     - Unarmed
rCold    x . .     Gourm    .   (no shield)
rNeg     . . .     Faith    .   (helmet restricted)
rPois    .         Spirit   .   l - amulet of regeneration
rElec    .         Reflect  .   e - +3 ring of dexterity
rCorr    +         Harm     .   y - +2 ring of dexterity
MR       +....                  p - ring of protection from magic
Stlth    +++++.....             x - ring of fire
HPRegen  0.56/turn              j - ring of resist corrosion
MPRegen  0.14/turn              o - +2 ring of dexterity
                                z - ring of see invisible
                                (no ring)

@: berserk cooldown
A: almost no armour, stealthy swim, amphibious, 8 rings, constrict 8, camouflage
1, gelatinous body 1
a: no special abilities


You were in a bailey.
You were near starving.

You visited 2 branches of the dungeon, and saw 8 of its levels.
You also visited: Bailey.

You collected 414 gold pieces.
You spent 120 gold pieces at shops.

Inventory:

Missiles
 a - 89 arrows
Jewellery
 e - a +3 ring of dexterity (left tentacle)
 j - a ring of resist corrosion (on tentacle)
 l - an amulet of regeneration (around mantle)
 o - a +2 ring of dexterity (on tentacle)
 p - a ring of protection from magic (on tentacle)
 x - a ring of fire (on tentacle)
 y - a +2 ring of dexterity (right tentacle)
 z - a ring of see invisible (on tentacle)
Wands
 b - a wand of acid (7)
 u - a wand of flame (19)
 v - a wand of iceblast (9)
Scrolls
 m - 6 scrolls of identify
 w - 6 scrolls of remove curse
Potions
 h - a potion of berserk rage
 i - a potion of brilliance {unknown}
 n - a potion of agility {unknown}
 q - a potion of flight {unknown}
 r - 2 potions of cancellation
 s - a potion of mutation {unknown}
Comestibles
 c - 13 rations


   Skills:
 + Level 2.0 Fighting
 + Level 2.9 Dodging
 + Level 6.6 Stealth
 + Level 4.0 Unarmed Combat
 + Level 4.9 Spellcasting
 * Level 7.1 Transmutations


You had 5 spell levels left.
You knew the following spells:

 Your Spells              Type           Power        Failure   Level  Hunger
a - Beastly Appendage     Tmut           ####..       1%          1    None
b - Sticks to Snakes      Tmut           ####....     1%          2    #......
c - Spider Form           Tmut/Pois      ###.......   10%         3    ###....
d - Blade Hands           Tmut           ####......   22%         5    ######.

Your spell library contained the following spells:

 Spells                   Type           Power        Failure   Level  Hunger
 Ice Form                 Ice/Tmut       ###.....     32%         4    ####...
 Petrify                  Tmut/Erth      ###.....     32%         4    ####...
 Confusing Touch          Hex            #.......     41%         3    ###....
 Gell's Gravitas          Tloc           #.........   41%         3    ###....
 Yara's Violent Unravell  Hex/Tmut       ###.......   67%         5    ######.
 Metabolic Englaciation   Hex/Ice        #.........   99%         5    ######.


Dungeon Overview and Level Annotations

Branches:
Dungeon (7/15)             Temple (1/1) D:5          Bailey (1/1)

Altars:
Ashenzari
Dithmenos
Elyvilon
Fedhas
Hepliaklqana
Kikubaaqudgha
Makhleb
Nemelex Xobeh
Okawaru
Qazlal
Ru
Trog
Uskayaw
Vehumet
Wu Jian
Xom
Yredelemnul
Zin
The Shining One

Shops:
D:4 (   D:6 *

Annotations:
D:6 2 transporters


Innate Abilities, Weirdness & Mutations

You cannot wear most types of armour.
You are very stealthy in the water. (Stealth+)
You are amphibious.
You can wear up to eight rings at the same time.
You can use your tentacles to constrict eight enemies at once.
Your skin changes colour to match your surroundings (Stealth+).
Your rubbery body absorbs attacks. (AC +1, EV +1)


Message History

The gnoll hits you with a +0 hand axe!
* * * LOW HITPOINT WARNING * * *
The kobold throws a boomerang.
The boomerang misses you.
The weapon returns to the kobold!
Okay, then.
It was a potion of cancellation.
Your magical effects are unravelling.
You feel magically purged.
Your transformation has ended.
You feel yourself speed up.
The kobold throws a boomerang.
The boomerang misses you.
The weapon returns to the kobold!
The kobold throws a boomerang.
The boomerang hits you.
* * * LOW HITPOINT WARNING * * *
The weapon returns to the kobold!
The kobold throws a boomerang.
The boomerang misses you.
The weapon returns to the kobold!
The kobold throws a boomerang.
The boomerang closely misses you.
The weapon returns to the kobold!
The kobold throws a boomerang.
The boomerang closely misses you.
The weapon returns to the kobold!
The kobold throws a boomerang.
The boomerang hits you.
You die...

##8## ##.∩.##
#8.^^8#
##.∩.##
###'### K≈.≈K
#K###≈.≈###+#
#....≈.≈K...#
#'###≈@≈###+#
#...K≈g≈K...#
#'###≈.≈###+#
#^..K≈.≈K...#
#'###≈.≈###+#
#...K≈o≈KK.^#
#'###≈g≈###'#
#...K≈.≈....#
#'###≈.≈###+#


You could see an orc warrior, a gnoll, a goblin and 11 kobolds.

Vanquished Creatures
  Grinder (D:6)
  A sky beast (D:6)
  A phantom (D:4)
  3 bullfrogs (D:6)
  3 scorpions
  A crimson imp (D:5)
  A hound (D:4)
  A jelly (D:6)
  A centaur skeleton (D:6)
  2 orc priests
  3 orc wizards
  4 worker ants
  Natasha (thrice) (D:4)
  2 iguanas
  4 gnolls
  4 adders
  An ooze (D:6)
  2 adder skeletons
  4 worms
  11 dart slugs
  3 leopard geckos (D:1)
  12 orcs
  7 giant cockroaches
  11 goblins
  6 hobgoblins
  15 jackals
  11 kobolds
  5 quokkas
  14 bats
  9 frilled lizards
  A jackal skeleton (D:6)
  2 leopard gecko skeletons (D:6)
149 creatures vanquished.

Vanquished Creatures (collateral kills)
  An orc wizard (D:4)
  An orc (D:6)
  2 hobgoblins
  2 kobolds (Bailey)
  A rat (D:3)
7 creatures vanquished.

Vanquished Creatures (others)
  A plant (D:6)
1 creature vanquished.

Grand Total: 157 creatures vanquished

Notes
Turn   | Place    | Note
-------+----------+-------------------------------------------
     0 | D:1      | ChaosChampion the Octopode Transmuter began the quest for
                  | the Orb.
     0 | D:1      | Reached XP level 1. HP: 13/13 MP: 3/3
    99 | D:1      | Reached XP level 2. HP: 12/18 MP: 3/5
   223 | D:1      | Learned a level 2 spell: Sticks to Snakes
   250 | D:1      | Reached XP level 3. HP: 10/23 MP: 6/6
   255 | D:1      | Learned a level 3 spell: Spider Form
   552 | D:1      | Reached skill level 1 in Stealth
  1069 | D:2      | Reached skill level 3 in Transmutations
  1069 | D:2      | Reached XP level 4. HP: 28/28 MP: 4/7
  1956 | D:3      | Reached XP level 5. HP: 33/33 MP: 5/9
  2470 | D:4      | Reached skill level 4 in Transmutations
  2531 | D:4      | Found a glowing silver altar of Zin.
  2582 | D:4      | Reached XP level 6. HP: 21/38 MP: 4/10
  2617 | D:4      | Found a hazy altar of Hepliaklqana.
  2665 | D:4      | Found Kiwyot's Weapon Boutique.
  2667 | D:4      | Found a radiant altar of Vehumet.
  2667 | D:4      | Found an iron altar of Okawaru.
  2747 | D:4      | Found a sacrificial altar of Ru.
  2824 | D:4      | Noticed Natasha
  2827 | D:4      | Noticed a phantom
  2839 | D:4      | Killed Natasha
  2925 | D:4      | Noticed Natasha
  2943 | D:4      | Killed Natasha
  2953 | D:4      | Killed a phantom
  2953 | D:4      | Reached skill level 5 in Transmutations
  2953 | D:4      | Reached XP level 7. HP: 30/43 MP: 1/12
  3019 | D:4      | Noticed Natasha
  3025 | D:4      | Killed Natasha
  3124 | D:4      | Found a white marble altar of Elyvilon.
  3308 | D:5      | Entered Level 5 of the Dungeon
  3373 | D:5      | Found a sacrificial altar of Ru.
  3523 | D:5      | Reached skill level 5 in Stealth
  3566 | D:5      | Found a staircase to the Ecumenical Temple.
  3601 | Temple   | Entered the Ecumenical Temple
  3625 | Temple   | Reached skill level 6 in Transmutations
  3673 | Temple   | Learned a level 5 spell: Blade Hands
  4235 | D:6      | Found Patiuj's Assorted Antiques.
  4242 | D:6      | Bought a steel ring for 120 gold pieces
  4377 | D:6      | Reached XP level 8. HP: 48/48 MP: 2/14
  4387 | D:6      | Found a stormy altar of Qazlal.
  4388 | D:6      | Found a blossoming altar of Fedhas.
  4702 | D:6      | Found a basalt altar of Yredelemnul.
  4713 | D:6      | Found a transporter.
  4719 | D:6      | Found a shadowy altar of Dithmenos.
  4719 | D:6      | Found a hide-covered altar of Uskayaw.
  4745 | D:6      | Noticed Grinder
  4769 | D:6      | Killed Grinder
  4862 | D:6      | Reached skill level 7 in Transmutations
  5060 | D:6      | Noticed a yak
  5065 | D:6      | Noticed an unseen horror
  5066 | D:6      | Found a transporter.
  5367 | D:7      | Found a flagged portal.
  5382 | Bailey   | Entered a bailey
  5393 | Bailey   | Noticed an orc knight
  5429 | Bailey   | Hit by a boomerang thrown by a kobold

Levels and vault maps discovered:
D:1:      sevenhm_arrival_forest_fort_small_4, layout_loops_ring
D:2:      layout_basic, serial_glass, glass_columns_b, glass_columns_a
D:3:      layout_basic
D:4:      layout_basic, nicolae_overflow_crystal_walls, kennysheep_mini_moat,
          zin_scriptorium, chequers_temple_overflow_statue_of_worship,
          serial_shops, shop, first_ration, minmay_misc_feat_chi,
          lemuel_statue_altar, uniq_natasha
D:5:      kennysheep_slugbush, layout_loops_ring, minmay_temple_entry_waves,
          basic_altar
D:6:      layout_basic, grunt_temple_overflow_forces_of_nature,
          gammafunk_temple_overflow_arena, minitemple, serial_corexii_hall,
          chequers_hall_statues_y, corexii_hall_statues_i, serial_shops, shop,
          serial_bayou_pond_c, chequers_serial_rivers_room_b, hex_large,
          minmay_fractal_squares_gapless_5, uniq_grinder
D:7:      layout_basic, nicolae_overflow_hidden_temple, kennysheep_little_box,
          enter_bailey_3, gammafunk_ghost_gnarly_gnolls, uniq_crazy_yiuf_cottage
Temple:   compressed_dpeg_triangle_lava_temple
Bailey:   bailey_axe_1, bailey

Skill      XL: |  1  2  3  4  5  6  7  8 |
---------------+-------------------------+-----
Stealth        | 1 2 3 4 5 6 |  6.6
Transmutations | 3 4 5 6 7 |  7.1
Spellcasting   | 3 4 |  4.9
Unarmed Combat | 4 |  4.0
Fighting       | 2 |  2.0
Dodging        | |  2.9

Action                   |  1- 3 |  4- 6 |  7- 9 || total
-------------------------+-------+-------+-------++-------
Melee: Unarmed           |    91 |   157 |   210 ||   458
       Constrict         |    16 |    12 |    18 ||    46
       Kick              |     9 |     2 |       ||    11
       Tentacles         |     9 |    15 |    13 ||    37
       Punch             |     2 |     1 |     4 ||     7
 Cast: Beastly Appendage |     6 |     2 |       ||     8
       Spider Form       |     8 |    19 |    24 ||    51
       Sticks to Snakes  |       |     9 |    14 ||    23
       Blade Hands       |       |       |     2 ||     2
  Use: Potion            |     2 |     1 |     7 ||    10
       Scroll            |       |     3 |     9 ||    12
 Stab: Sleeping          |     8 |     3 |    12 ||    23
  Eat: Chunk             |     2 |     8 |    12 ||    22
Armor: Skin              |     9 |    16 |     9 ||    34
Dodge: Dodged            |    70 |   145 |   284 ||   499

Table legend:
 A = Non-vault XP
 B = Vault XP
 C = Vault XP percentage of total XP
 D = Non-vault monster count
 E = Vault monster count
 F = Vault count percentage of total count
                 A         B        C        D         E       F
            +---------+---------+-------+---------+---------+-------
      Total |    1566 |     511 |  24.6 |     134 |      22 |  14.1
            +---------+---------+-------+---------+---------+-------
        D:1 |      61 |       0 |   0.0 |      30 |       0 |   0.0
        D:2 |      76 |       0 |   0.0 |      23 |       0 |   0.0
        D:3 |      52 |       0 |   0.0 |      21 |       0 |   0.0
        D:4 |     526 |      30 |   5.4 |      17 |       1 |   5.6
        D:5 |     266 |      36 |  11.9 |      19 |       9 |  32.1
        D:6 |     553 |     419 |  43.1 |      23 |       2 |   8.0
        D:7 |       0 |       6 | 100.0 |       0 |       4 | 100.0
     Temple |      32 |       0 |   0.0 |       1 |       0 |   0.0
     Bailey |       0 |      20 | 100.0 |       0 |       6 | 100.0
            +---------+---------+-------+---------+---------+-------
